ITL
RICHMOND FLAIRS @ TUSCALOOSA TROUT SLAYERS
05/19/2030
 
TOP OF THE 1ST
Richmond Flairs batting - Pitching for Tuscaloosa Trout Slayers : RHP Juan De Jesús
Pitching: RHP Juan De Jesús
Batting: RHB Lonson Seals 0-0: Ball
1-0: Swinging Strike
1-1: Swinging Strike
1-2: Ball
2-2: Strikes out looking
Batting: RHB Jack Ray 0-0: Ball
1-0: Called Strike
1-1: Ball
2-1: Swinging Strike
2-2: Foul Ball, location: 2F
2-2: Ground out 5-3 (Groundball, 56S)
Batting: LHB Sean Nicks 0-0: Called Strike
0-1: Ball
1-1: SINGLE (Groundball, 4D)
Batting: LHB R.J. Courtney 0-0: Called Strike
0-1: Swinging Strike
0-2: Ball
1-2: Ball
2-2: Strikes out swinging
Top of the 1st over - 0 runs, 1 hit, 0 errors, 1 left on base; Richmond 0 - Tuscaloosa 0
BOTTOM OF THE 1ST
Tuscaloosa Trout Slayers batting - Pitching for Richmond Flairs : RHP Frank Martin
Pitching: RHP Frank Martin
Batting: LHB Manuel Ortega 0-0: Fly out, F4 (Flyball, 4MD)
Batting: RHB José Fernández 0-0: Ground out 1-3 (Groundball, 15)
Batting: LHB Marcos Villarreal 0-0: Ball
1-0: Ground out 5-3 (Groundball, 56S)
Bottom of the 1st over - 0 runs, 0 hits, 0 errors, 0 left on base; Richmond 0 - Tuscaloosa 0
TOP OF THE 2ND
Richmond Flairs batting - Pitching for Tuscaloosa Trout Slayers : RHP Juan De Jesús
Batting: LHB Roland Jones 0-0: Ball
1-0: Ball
2-0: Called Strike
2-1: Called Strike
2-2: Ball
3-2: Fly out, F7 (Flyball, 7LDF)
Batting: RHB Miguel Hernández 0-0: Swinging Strike
0-1: Ball
1-1: Swinging Strike
1-2: Fly out, F7 (Flyball, 7D)
Batting: RHB Alejandro Ramos 0-0: Fly out, F4 (Line Drive, 4M)
Top of the 2nd over - 0 runs, 0 hits, 0 errors, 0 left on base; Richmond 0 - Tuscaloosa 0
BOTTOM OF THE 2ND
Tuscaloosa Trout Slayers batting - Pitching for Richmond Flairs : RHP Frank Martin
Batting: RHB Stephen Shaw 0-0: Swinging Strike
0-1: Ball
1-1: Ball
2-1: Called Strike
2-2: Foul Ball, location: 2F
2-2: Fly out, F8 (Flyball, 8LD)
Batting: LHB Ed Hart 0-0: Ball
1-0: Ball
2-0: DOUBLE (Flyball, 8LXD)
Batting: RHB Juan Reyes 0-0: Ball
1-0: Called Strike
1-1: Swinging Strike
1-2: SINGLE (Groundball, 4MD)
Ed Hart to third
Runner from 3rd tries for Home, SAFE, no throw
Batting: LHB Pedro Juárez 0-0: Called Strike
0-1: Called Strike
0-2: Ball
1-2: Foul Ball, location: 2F
1-2: Ground out 6-3 (Groundball, 6MD)
Juan Reyes to second
Batting: SHB António Ramírez 0-0: Called Strike
0-1: Swinging Strike
0-2: Ball
1-2: Foul Ball, location: 2F
1-2: SINGLE (Line Drive, 4M)
Juan Reyes to third
Runner from 3rd tries for Home, SAFE, no throw
Batting: RHB Greg Lee 0-0: Called Strike
0-1: Called Strike
0-2: Fly out, F8 (Line Drive, 8LM)
Bottom of the 2nd over - 2 runs, 3 hits, 0 errors, 1 left on base; Richmond 0 - Tuscaloosa 2
TOP OF THE 3RD
Richmond Flairs batting - Pitching for Tuscaloosa Trout Slayers : RHP Juan De Jesús
Batting: RHB Christian Hudson 0-0: Fly out, F7 (Flyball, 78M)
Batting: RHB Joe Courtier 0-0: Ball
1-0: Called Strike
1-1: Ball
2-1: Called Strike
2-2: Foul Ball, location: 2F
2-2: Foul Ball, location: 2F
2-2: Ball
3-2: Base on Balls
Batting: RHB Lonson Seals 0-0: Ball
1-0: Called Strike
1-1: Reached on error, E8 (Flyball, 8RM)
Joe Courtier to second
Batting: RHB Jack Ray 0-0: Ball
1-0: Called Strike
1-1: Ball
2-1: Swinging Strike
2-2: Ball
3-2: Strikes out looking
Batting: LHB Sean Nicks 0-0: Ball
1-0: Called Strike
1-1: Swinging Strike
1-2: 3-RUN HOME RUN (Flyball, 9D), Distance : 386 ft
Batting: LHB R.J. Courtney 0-0: DOUBLE (Flyball, 89D)
Batting: LHB Roland Jones 0-0: Ball
1-0: Foul Ball, location: 2F
1-1: Foul Ball, location: 2F
1-2: Strikes out swinging
Top of the 3rd over - 3 runs, 2 hits, 1 error, 1 left on base; Richmond 3 - Tuscaloosa 2
BOTTOM OF THE 3RD
Tuscaloosa Trout Slayers batting - Pitching for Richmond Flairs : RHP Frank Martin
Batting: LHB Manuel Ortega 0-0: Foul Ball, location: 2F
0-1: Called Strike
0-2: Foul Ball, location: 2F
0-2: SOLO HOME RUN (Line Drive, 7LD), Distance : 336 ft
Batting: RHB José Fernández 0-0: Ball
1-0: Foul Ball, location: 2F
1-1: Called Strike
1-2: Foul Ball, location: 2F
1-2: Ball
2-2: Ball
3-2: Foul Ball, location: 2F
3-2: Foul Ball, location: 2F
3-2: Ground out 5-3 (Groundball, 56S)
Batting: LHB Marcos Villarreal 0-0: Ball
1-0: Swinging Strike
1-1: Ball
2-1: SINGLE (Line Drive, 8LS)
Batting: RHB Stephen Shaw 0-0: Called Strike
0-1: Foul Ball, location: 2F
0-2: Ball
1-2: Strikes out swinging
Batting: LHB Ed Hart 0-0: Ball
1-0: Ball
2-0: 2-RUN HOME RUN (Line Drive, 89XD), Distance : 418 ft
Batting: RHB Juan Reyes 0-0: Ball
1-0: Ground out 5-3 (Groundball, 5L)
Bottom of the 3rd over - 3 runs, 3 hits, 0 errors, 0 left on base; Richmond 3 - Tuscaloosa 5
TOP OF THE 4TH
Richmond Flairs batting - Pitching for Tuscaloosa Trout Slayers : RHP Juan De Jesús
Batting: RHB Miguel Hernández 0-0: Ball
1-0: Foul Ball, location: 2F
1-1: Swinging Strike
1-2: Strikes out swinging
Batting: RHB Alejandro Ramos 0-0: Called Strike
0-1: Foul Ball, location: 2F
0-2: Strikes out looking
Batting: RHB Christian Hudson 0-0: Ball
1-0: Called Strike
1-1: Swinging Strike
1-2: Strikes out swinging
Top of the 4th over - 0 runs, 0 hits, 0 errors, 0 left on base; Richmond 3 - Tuscaloosa 5
BOTTOM OF THE 4TH
Tuscaloosa Trout Slayers batting - Pitching for Richmond Flairs : RHP Frank Martin
Batting: LHB Pedro Juárez 0-0: Called Strike
0-1: Foul Ball, location: 2F
0-2: Ball
1-2: Foul Ball, location: 2F
1-2: Ground out 1-3 (Groundball, 15S)
Batting: SHB António Ramírez 0-0: Ball
1-0: Ball
2-0: Ball
3-0: Called Strike
3-1: Base on Balls
Batting: RHB Greg Lee 0-0: SINGLE (Line Drive, 56D)
António Ramírez to second
Batting: LHB Manuel Ortega 0-0: Called Strike
0-1: Ball
1-1: Ball
2-1: Foul Ball, location: 2F
2-2: 3-RUN HOME RUN (Flyball, 78XD), Distance : 371 ft
Pitching: LHP Orlando Díaz
Batting: RHB José Fernández 0-0: Ball
1-0: Ball
2-0: Ball
3-0: Base on Balls
Batting: LHB Marcos Villarreal 0-0: Foul Ball, location: 2F
0-1: Ball
1-1: Hit by Pitch
José Fernández to second
Batting: RHB Stephen Shaw 0-0: Ball
1-0: DOUBLE (Groundball, 5L)
José Fernández scores
Marcos Villarreal to third
Batting: LHB Ed Hart 0-0: Called Strike
0-1: Foul Ball, location: 2F
0-2: Ball
1-2: 3-RUN HOME RUN (Flyball, 89XD), Distance : 453 ft
Batting: RHB Juan Reyes 0-0: Called Strike
0-1: DOUBLE (Flyball, 78D)
Batting: LHB Pedro Juárez 0-0: Ball
1-0: SINGLE (Groundball, 34D)
Juan Reyes to third
Batting: SHB António Ramírez 0-0: Foul Ball, location: 2F
0-1: Called Strike
0-2: Ball
1-2: Strikes out swinging
Batting: RHB Greg Lee 0-0: SINGLE (Line Drive, 6D)
Juan Reyes scores
Pedro Juárez to second
Batting: LHB Manuel Ortega 0-0: Ball
1-0: Ball
2-0: Foul Ball, location: 2F
2-1: Ball
3-1: Swinging Strike
3-2: Base on Balls
Pedro Juárez to third
Greg Lee to second
Batting: RHB José Fernández 0-0: Foul Ball, location: 2F
0-1: DOUBLE (Groundball, 5L)
Pedro Juárez scores
Greg Lee scores
Manuel Ortega to third
Runner from 3rd tries for Home, SAFE, no throw
Pitching: RHP Adrián Miranda
Batting: LHB Marcos Villarreal 0-0: Foul Ball, location: 2F
0-1: Called Strike
0-2: Strikes out swinging
Bottom of the 4th over - 11 runs, 8 hits, 0 errors, 1 left on base; Richmond 3 - Tuscaloosa 16
TOP OF THE 5TH
Richmond Flairs batting - Pitching for Tuscaloosa Trout Slayers : RHP Juan De Jesús
Batting: RHB Joe Courtier 0-0: SINGLE (Line Drive, 8RS)
Batting: RHB Lonson Seals 0-0: Ball
1-0: Hit by Pitch
Joe Courtier to second
Batting: RHB Jack Ray 0-0: Foul Ball, location: 2F
0-1: Called Strike
0-2: Ball
1-2: Foul Ball, location: 2F
1-2: Ball
2-2: Ball
3-2: Strikes out swinging
Throwing error on steal attempt, E2
Joe Courtier scores
Lonson Seals to third
Batting: LHB Sean Nicks 0-0: Called Strike
0-1: Ball
1-1: Ball
2-1: Called Strike
2-2: SINGLE (Line Drive, 78S)
Lonson Seals scores
Batting: LHB R.J. Courtney 0-0: Foul Ball, location: 2F
0-1: Called Strike
0-2: Ball
1-2: Ball
2-2: SINGLE (Groundball, 4D)
Sean Nicks to second
Runner from 2nd tries for 3rd, SAFE, no throw
Batting: LHB Roland Jones 0-0: Foul Ball, location: 2F
0-1: SINGLE (Flyball, 7LS)
Sean Nicks scores
R.J. Courtney to second
Batting: RHB Miguel Hernández 0-0: Foul Ball, location: 2F
0-1: Swinging Strike
0-2: Strikes out looking
Batting: RHB Alejandro Ramos 0-0: Called Strike
0-1: Ground out 4-3 (Groundball, 4)
Top of the 5th over - 3 runs, 4 hits, 1 error, 2 left on base; Richmond 6 - Tuscaloosa 16
BOTTOM OF THE 5TH
Tuscaloosa Trout Slayers batting - Pitching for Richmond Flairs : RHP Adrián Miranda
Batting: RHB Stephen Shaw 0-0: Ball
1-0: Ball
2-0: Called Strike
2-1: Foul Ball, location: 2F
2-2: Ball
3-2: Foul Ball, location: 2F
3-2: Foul Ball, location: 2F
3-2: Foul Ball, location: 2F
3-2: Base on Balls
Batting: LHB Ed Hart 0-0: Called Strike
0-1: Ball
1-1: Ball
2-1: Ball
3-1: Base on Balls
Stephen Shaw to second
Batting: RHB Juan Reyes 0-0: Fly out, F7 (Flyball, 7D)
Batting: LHB Pedro Juárez 0-0: Ball
1-0: Ball
2-0: Foul Ball, location: 2F
2-1: Foul Ball, location: 2F
2-2: Ball
3-2: Base on Balls
Stephen Shaw to third
Ed Hart to second
Batting: SHB António Ramírez 0-0: Foul Ball, location: 2F
0-1: Ball
1-1: Foul Ball, location: 2F
1-2: Hit by Pitch
Stephen Shaw scores
Ed Hart to third
Pedro Juárez to second
Batting: RHB Greg Lee 0-0: Foul Ball, location: 2F
0-1: Foul Ball, location: 2F
0-2: Strikes out looking
Batting: LHB Manuel Ortega 0-0: SINGLE (Groundball, 56S) (infield hit)
Ed Hart scores
Pedro Juárez to third
António Ramírez to second
Batting: RHB José Fernández 0-0: Foul Ball, location: 2F
0-1: Ball
1-1: Ball
2-1: Ball
3-1: Base on Balls
Pedro Juárez scores
António Ramírez to third
Manuel Ortega to second
Batting: LHB Marcos Villarreal 0-0: Foul Ball, location: 2F
0-1: Called Strike
0-2: Ball
1-2: Ball
2-2: Ball
3-2: Foul Ball, location: 2F
3-2: Base on Balls
António Ramírez scores
Manuel Ortega to third
José Fernández to second
Batting: RHB Stephen Shaw 0-0: Ground out 4-3 (Groundball, 4)
Bottom of the 5th over - 4 runs, 1 hit, 0 errors, 3 left on base; Richmond 6 - Tuscaloosa 20
TOP OF THE 6TH
Richmond Flairs batting - Pitching for Tuscaloosa Trout Slayers : RHP Juan De Jesús
Batting: RHB Christian Hudson 0-0: Ball
1-0: Ball
2-0: Ball
3-0: Called Strike
3-1: Called Strike
3-2: SINGLE (Groundball, 56D)
Batting: RHB Joe Courtier 0-0: Called Strike
0-1: Foul Ball, location: 2F
0-2: Ball
1-2: Foul Ball, location: 2F
1-2: Foul Ball, location: 2F
1-2: Grounds into double play, 6-4-3 (Groundball, 6)
Batting: RHB Lonson Seals 0-0: Foul Ball, location: 2F
0-1: Swinging Strike
0-2: Foul Ball, location: 2F
0-2: Ball
1-2: Foul Ball, location: 2F
1-2: Foul Ball, location: 2F
1-2: Foul Ball, location: 2F
1-2: Ground out 1-3 (Groundball, 13)
Top of the 6th over - 0 runs, 1 hit, 0 errors, 0 left on base; Richmond 6 - Tuscaloosa 20
BOTTOM OF THE 6TH
Tuscaloosa Trout Slayers batting - Pitching for Richmond Flairs : RHP Adrián Miranda
Batting: LHB Ed Hart 0-0: Ball
1-0: Ball
2-0: Ball
3-0: Called Strike
3-1: Base on Balls
Batting: RHB Juan Reyes 0-0: SINGLE (Flyball, 9S)
Ed Hart to second
Ed Hart to third
Batting: LHB Pedro Juárez 0-0: Called Strike
0-1: Ball
1-1: Ball
2-1: Foul Ball, location: 2F
2-2: Strikes out swinging
Batting: SHB António Ramírez 0-0: Ball
1-0: Called Strike
1-1: Ground out 6-3 (Groundball, 6M)
Ed Hart scores
Juan Reyes to second
Batting: RHB Greg Lee 0-0: Swinging Strike
0-1: Ball
1-1: Foul Ball, location: 2F
1-2: Ball
2-2: Foul Ball, location: 2F
2-2: Ground out 1-3 (Groundball, 13S)
Bottom of the 6th over - 1 run, 1 hit, 0 errors, 1 left on base; Richmond 6 - Tuscaloosa 21
TOP OF THE 7TH
Richmond Flairs batting - Pitching for Tuscaloosa Trout Slayers : RHP Juan De Jesús
Batting: RHB Jack Ray 0-0: Foul Ball, location: 2F
0-1: Foul Ball, location: 2F
0-2: Strikes out looking
Batting: LHB Sean Nicks 0-0: Called Strike
0-1: SINGLE (Flyball, 8RS)
Pitching: LHP Kelly Henry
Batting: LHB R.J. Courtney 0-0: Ball
1-0: Foul Ball, location: 2F
1-1: Called Strike
1-2: Fly out, F8 (Flyball, 78D)
Batting: LHB Roland Jones 0-0: Swinging Strike
0-1: Foul Ball, location: 2F
0-2: Strikes out swinging
Top of the 7th over - 0 runs, 1 hit, 0 errors, 1 left on base; Richmond 6 - Tuscaloosa 21
BOTTOM OF THE 7TH
Tuscaloosa Trout Slayers batting - Pitching for Richmond Flairs : RHP Adrián Miranda
Pitching: RHP Juan López
Pinch Hitting: RHB Jason Saunders 0-0: Ball
1-0: Foul Ball, location: 2F
1-1: Ball
2-1: Swinging Strike
2-2: Ball
3-2: SINGLE (Line Drive, 56D)
Batting: RHB José Fernández 0-0: Called Strike
0-1: Ball
1-1: Ball
2-1: Swinging Strike
2-2: Ball
3-2: Base on Balls
Jason Saunders to second
Pinch Hitting: LHB Mark Owens 0-0: Foul Ball, location: 2F
0-1: Hit by Pitch
Jason Saunders to third
José Fernández to second
Batting: RHB Stephen Shaw 0-0: Ball
1-0: Foul Ball, location: 2F
1-1: Ball
2-1: Swinging Strike
2-2: Ball
3-2: Foul Ball, location: 2F
3-2: Base on Balls
Jason Saunders scores
José Fernández to third
Mark Owens to second
Pinch Hitting: LHB Eddy Jefferson 0-0: Foul Ball, location: 2F
0-1: Ball
1-1: Swinging Strike
1-2: Fielders Choice at 2nd, 5-4 (Groundball, 56)
José Fernández scores
Mark Owens to third
Batting: RHB Juan Reyes 0-0: Foul Ball, location: 2F
0-1: Called Strike
0-2: Ball
1-2: Grounds into double play, 1-6-3 (Groundball, 13)
Bottom of the 7th over - 2 runs, 1 hit, 0 errors, 1 left on base; Richmond 6 - Tuscaloosa 23
TOP OF THE 8TH
Richmond Flairs batting - Pitching for Tuscaloosa Trout Slayers : LHP Kelly Henry
Now at 2B: Jason Saunders
Now in LF: Miguel Rosa
Now in CF: Eddy Jefferson
Batting: RHB Miguel Hernández 0-0: Ball
1-0: Fly out, F8 (Line Drive, 8RD)
Batting: RHB Alejandro Ramos 0-0: Called Strike
0-1: Called Strike
0-2: Ball
1-2: Ball
2-2: Ground out 5-3 (Groundball, 5S)
Batting: RHB Christian Hudson 0-0: Ball
1-0: Called Strike
1-1: Swinging Strike
1-2: Foul Ball, location: 2F
1-2: Strikes out swinging
Top of the 8th over - 0 runs, 0 hits, 0 errors, 0 left on base; Richmond 6 - Tuscaloosa 23
BOTTOM OF THE 8TH
Tuscaloosa Trout Slayers batting - Pitching for Richmond Flairs : RHP Juan López
Batting: LHB Pedro Juárez 0-0: Ball
1-0: Hit by Pitch
Batting: SHB António Ramírez 0-0: Ball
1-0: Called Strike
1-1: Grounds into double play, 4-6-3 (Groundball, 4)
Batting: RHB Greg Lee 0-0: Called Strike
0-1: Ball
1-1: Called Strike
1-2: Ball
2-2: Ball
3-2: Base on Balls
Batting: RHB Jason Saunders 0-0: Ball
1-0: Ball
2-0: Swinging Strike
Passed Ball!
Greg Lee to second
2-1: Ball
3-1: Foul Ball, location: 2F
3-2: Foul Ball, location: 2F
3-2: Strikes out swinging
Bottom of the 8th over - 0 runs, 0 hits, 0 errors, 1 left on base; Richmond 6 - Tuscaloosa 23
TOP OF THE 9TH
Richmond Flairs batting - Pitching for Tuscaloosa Trout Slayers : LHP Kelly Henry
Batting: RHB Joe Courtier 0-0: SINGLE (Groundball, 6MD)
Batting: RHB Lonson Seals 0-0: Ball
1-0: Ball
2-0: Ball
3-0: Called Strike
3-1: Called Strike
3-2: Foul Ball, location: 2F
3-2: Foul Ball, location: 2F
3-2: Grounds into double play, 4-6-3 (Groundball, 4M)
Batting: RHB Jack Ray 0-0: Ball
1-0: Ball
2-0: Ball
3-0: Base on Balls
Batting: LHB Sean Nicks 0-0: Swinging Strike
0-1: Ball
1-1: Called Strike
1-2: Ball
2-2: Strikes out swinging
Top of the 9th over - 0 runs, 1 hit, 0 errors, 1 left on base; Richmond 6 - Tuscaloosa 23
Saturday, April 7th, 2018 - OOTP Baseball 18.8 Build 76